 Dungeon Crawl Stone Soup version 0.17.1-3-g152610e (webtiles) character file.

77849 Metrazal the Unseen (level 15, -6/65 HPs)
             Began as a Spriggan Assassin on Feb 28, 2016.
             Was the Champion of Elyvilon.
             Blown up by an orb spider (42 damage)
             ... with an orb of destruction
             ... on level 2 of the Spider Nest on Mar 5, 2016.
             The game lasted 06:59:25 (42074 turns).

Metrazal the Unseen (Spriggan Assassin)            Turns: 42074, Time: 06:59:25

Health: -6/65      AC:  7    Str:  9    XL:     15   Next: 16%
Magic:  14/16      EV: 37    Int: 15    God:    Elyvilon [******]
Gold:   1020       SH:  0    Dex: 25    Spells: 0 memorised, 14 levels left

rFire  . . .     SeeInvis +     c - +5 hunting sling of the Scorpion {flame, MR+ Stlth+}
rCold  . . .     Clarity  +     S - +2 robe {rN+}
rNeg   + . .     SustAt   .     (shield restricted)
rPois  +         Gourm    .     (helmet restricted)
rElec  .         Spirit   .     O - +2 cloak {+Inv}
rCorr  .         Warding  .     (gloves unavailable)
rMut   .         Stasis   .     (boots unavailable)
MR     +++..                    W - amulet of clarity
Stlth  +++++++++.               w - ring of poison resistance
                                i - +3 ring of dexterity

@: very quick, extremely resistant to hostile enchantments, incredibly stealthy
A: unfitting armour, talons 1, see invisible, berserk 1, herbivore 3, speed 3,
slow metabolism 2, strong 1
a: Lesser Healing, Heal Other, Purification, Greater Healing, Divine Vigour,
Divine Protection, Renounce Religion, Evoke Invisibility


You were on level 2 of the Spider Nest.
You worshipped Elyvilon.
Elyvilon was exalted by your worship.
You were not hungry.

You visited 6 branches of the dungeon, and saw 28 of its levels.
You also visited: Sewer.

You collected 1388 gold pieces.
You spent 368 gold pieces at shops.

Inventory:

Hand Weapons
 a - a +9 dagger
 b - a +0 blowgun
 c - the +5 hunting sling of the Scorpion (weapon) {flame, MR+ Stlth+}
   (You bought it in a shop on level 7 of the Dungeon)

   It causes projectiles fired from it to burn those they strike, causing extra
   injury to most foes and up to half again as much damage against particularly
   susceptible opponents.
   It affects your resistance to hostile enchantments.
   It makes you more stealthy.
 d - a +0 shortbow
Missiles
 e - 47 poisoned needles
 h - 397 arrows
 l - 84 sling bullets
 m - 281 stones (quivered)
 n - 7 curare-tipped needles
 u - 11 arrows of flame
 E - 27 arrows of dispersal
 J - 16 sling bullets of frost
Armour
 O - a +2 cloak of invisibility (worn)
 S - a +2 robe of positive energy (worn)
Jewellery
 i - a +3 ring of dexterity (left hand)
 o - an uncursed ring of positive energy
 q - an uncursed amulet of stasis
 w - a ring of poison resistance (right hand)
 I - an uncursed ring of protection from fire
 W - an amulet of clarity (around neck)
Wands
 x - a wand of fire (5)
 y - a wand of flame (27)
 B - a wand of teleportation (2)
 C - a wand of frost (37)
 L - a wand of frost (20)
 M - a wand of lightning (11)
 N - a wand of disintegration (17)
 Q - a wand of slowing (30)
 T - a wand of fireball (11)
 V - a wand of fireball (2)
 Y - a wand of slowing (17)
Scrolls
 f - 4 scrolls of magic mapping
 j - 4 scrolls of teleportation
 r - a scroll of fog
 A - 2 scrolls of amnesia
 H - a scroll of enchant armour
 K - 13 scrolls of remove curse
 P - a scroll of recharging
 X - 2 scrolls of fear
 Z - a scroll of summoning {unknown}
Potions
 k - a potion of ambrosia
 p - 4 potions of cancellation
 s - 4 potions of invisibility
 t - 2 potions of flight
 v - 2 potions of resistance
 D - 3 potions of agility
 F - a potion of haste
 G - 2 potions of might
 R - a potion of brilliance
 U - 4 potions of curing
Comestibles
 g - 22 bread rations
 z - 28 fruits


   Skills:
 - Level 1.5 Fighting
 + Level 13.4 Short Blades
 + Level 14.1(14.2) Slings
 + Level 13.5 Bows
 - Level 2.0(8.2) Throwing
 + Level 16.9 Dodging
 + Level 18.6 Stealth


You had 14 spell levels left.
You didn't know any spells.

Dungeon Overview and Level Annotations

Branches:
Dungeon (15/15)            Temple (1/1) D:4            Lair (8/8) D:11
  Swamp (1/4) Lair:3       Spider (2/4) Lair:5        Slime (1/6) Lair:6
    Orc (0/4) D:12         Vaults (0/5) D:13
 Depths: D:15

Altars:
Ashenzari
Cheibriados
Dithmenos
Elyvilon
Fedhas
Gozag
Kikubaaqudgha
Makhleb
Nemelex Xobeh
Okawaru
Qazlal
Ru
Sif Muna
Trog
Vehumet
Xom
Yredelemnul
Zin
The Shining One
Beogh
Jiyva

Shops:
D:7 [:*(:   D:11 *   D:14 ?

Annotations:
Lair:6 Kirke


Innate Abilities, Weirdness & Mutations

You are tiny and cannot use many weapons and most armour.
You have supernaturally acute eyesight.
You are a herbivore.
You cover ground extremely quickly.
You need consume almost no food.
You have sharp toenails.
You tend to lose your temper in combat.
Your muscles are strong. (Str +2)


Message History

The orb spider spins a strand of pure energy.
The orb of destruction hits you!
Ouch! That really hurt!
* * * LOW HITPOINT WARNING * * *
Firing (i - inventory. (,) - cycle):
m - 282 stones (quivered)
Press: ? - help, Shift-Dir - straight line, f/p - orb spider
Aim: an orb spider (heavily wounded, poisoned)
You shoot a stone. The stone hits the orb spider!
The stone burns the orb spider.
The orb spider is almost dead.
The orb spider weaves a glowing orb of energy.
Quiver which item? (- for none, * to show all) (? for menu, Esc to quit)
Okay, then.
Drink which item? (? for menu, Esc to quit)
Okay, then.
You are healed.
You feel somewhat more hungry.
You kill the orb spider!
The orb of destruction hits you!
Ouch! That really hurt!
You die...

.#..#.............
..................
#....................
..............$......
....<.........$......
.....................
..............(......
.......@§.........?..
#........§....^......
#.........§^.<.......
#.......(((§.........
##.........§.........
#.....(...§.........
##.........(........
##.(.).............
#.................


There were no monsters in sight!

Vanquished Creatures
  The ghost of dricus the Warrior, a journeyman MiBe of Trog (D:12)
  The ghost of riffraff the Grappler, a journeyman TrMo of Jiyva (D:12)
  7 hydras
  An entropy weaver (Spider:1)
  3 catoblepae (Lair:8)
  17 death yaks
  Urug (D:14)
  Nergalle (Lair:2)
  2 unseen horrors
  An iron troll (D:13)
  5 hill giants
  Pikel (D:7)
  A hornet (Spider:1)
  A harpy (shapeshifter) (D:13)
  2 griffons
  2 wolf spiders (Spider:1)
  2 ugly things
  2 orb spiders
  20 elephants
  7 black mambas
  13 spiny frogs
  2 demonic crawlers (Spider:1)
  2 fire drakes (Lair:8)
  7 komodo dragons
  A freezing wraith (D:13)
  6 trolls
  2 polar bears
  5 slime creatures (D:12)
  6 blink frogs
  Prince Ribbit (D:9)
  A boulder beetle (Lair:8)
  A centaur simulacrum (D:14)
  A two-headed ogre (D:14)
  2 deep elf magi
  2 jumping spiders (Spider:1)
  5 trapdoor spiders
  2 wraiths (D:12)
  13 redbacks
  A spriggan (Swamp:1)
  23 yaks
  2 wyverns
  2 steam dragons
  5 tarantellas
  3 basilisks
  A human (D:8)
  4 hungry ghosts
  3 hogs (Lair:8)
  13 hippogriffs
  18 wolves
  3 insubstantial wisps
  21 water moccasins
  13 porcupines
  Purgy (Sewer)
  3 sky beasts
  2 wasps
  A necrophage (D:7)
  10 spiders
  A swamp drake (Swamp:1)
  An ice beast (D:10)
  5 orc warriors
  4 black bears
  4 phantoms
  6 centaurs
  4 ogres
  19 crocodiles
  20 giant frogs
  A wyvern zombie (D:13)
  A gnoll sergeant (D:11)
  4 wights (D:13)
  A wyvern skeleton (D:14)
  2 scorpions
  2 electric eels
  2 troll zombies (D:12)
  3 crimson imps
  3 centaur zombies
  2 giant frog zombies
  9 orc priests
  3 jellies
  4 hounds
  A centaur skeleton (D:5)
  A giant frog skeleton (D:5)
  14 orc wizards
  9 worker ants
  8 iguanas
  30 sheep
  4 hell rats (Lair:6)
  4 ogre zombies (D:12)
  Robin (D:3)
  14 adders
  11 gnolls
  53 river rats
  5 shadow imps
  An ooze (D:1)
  An adder skeleton (D:8)
  7 worms
  7 giant geckos
  60 orcs
  3 giant cockroaches
  14 goblins
  6 hobgoblins
  15 jackals
  10 kobolds
  4 quokkas
  5 bats
  2 giant gecko skeletons
  6 giant newts
  2 goblin zombies
  4 hobgoblin zombies (D:12)
  14 orc zombies (D:12)
  2 quokka skeletons (D:4)
  17 rats
  A bush (Lair:8)
  3 fungi
  3 plants (Lair:8)
722 creatures vanquished.

Vanquished Creatures (others)
  An alligator (Swamp:1)
  A human (D:9)
  A trapdoor spider zombie (D:9)
  Duvessa (D:7)
  A sky beast (D:9)
  A crocodile (D:9)
  Dowan (D:7)
  An iguana (D:9)
  A worker ant (D:7)
  5 orcs
  2 quokkas (D:9)
  A goblin skeleton (D:9)
  13 fungi
  15 plants
45 creatures vanquished.

Grand Total: 767 creatures vanquished

Notes
Turn   | Place    | Note
--------------------------------------------------------------
     0 | D:1      | Metrazal the Spriggan Assassin began the quest for the Orb.
     0 | D:1      | Reached XP level 1. HP: 10/10 MP: 2/2
    23 | D:1      | Reached skill level 6 in Stealth
    76 | D:1      | Reached XP level 2. HP: 14/14 MP: 3/3
   729 | D:2      | Reached XP level 3. HP: 18/18 MP: 4/4
   773 | D:2      | Reached XP level 4. HP: 22/22 MP: 5/5
  1587 | D:3      | Noticed Robin
  1628 | D:3      | Reached skill level 1 in Slings
  1635 | D:3      | Reached XP level 5. HP: 25/25 MP: 6/6
  1659 | D:3      | Killed Robin
  1659 | D:3      | Reached skill level 7 in Stealth
  1910 | D:3      | Noticed a water moccasin
  1915 | D:3      | Killed a water moccasin
  1915 | D:3      | Reached XP level 6. HP: 30/30 MP: 7/7
  2333 | D:3      | Found a bloodstained altar of Trog.
  2333 | D:3      | Found a white marble altar of Elyvilon.
  2337 | D:3      | Found an ancient bone altar of Kikubaaqudgha.
  2496 | D:3      | Reached skill level 5 in Dodging
  3222 | D:4      | Reached skill level 8 in Stealth
  3276 | D:4      | Found an iron altar of Okawaru.
  3353 | D:4      | Found a staircase to the Ecumenical Temple.
  3359 | Temple   | Entered the Ecumenical Temple
  4112 | D:3      | Became a worshipper of Elyvilon the Healer
  4338 | D:5      | Entered Level 5 of the Dungeon
  4473 | D:5      | Reached XP level 7. HP: 29/33 MP: 8/8
  4569 | D:5      | Reached skill level 5 in Short Blades
  4641 | D:5      | Found a glowing drain.
  4650 | Sewer    | Entered a sewer
  4728 | Sewer    | Noticed Purgy
  4759 | Sewer    | Killed Purgy
  5236 | D:6      | Reached * piety under Elyvilon
  5320 | D:6      | Reached skill level 1 in Bows
  5320 | D:6      | Reached skill level 9 in Stealth
  5420 | D:6      | Reached XP level 8. HP: 20/37 MP: 9/9
  6513 | D:6      | Reached skill level 5 in Slings
  6577 | D:6      | Found a sacrificial altar of Ru.
  6708 | D:7      | Noticed Pikel
  6730 | D:7      | Found Pepasem's Book Emporium.
  6748 | D:7      | Elyvilon protects you from harm!
  7000 | D:7      | Found an opulent altar of Gozag.
  7037 | D:7      | Noticed a troll
  7230 | D:6      | Killed a troll
  7230 | D:6      | Reached skill level 10 in Stealth
  7381 | D:7      | Killed Pikel
  7381 | D:7      | Reached XP level 9. HP: 27/41 MP: 10/10
  7556 | D:7      | Found Vaas's Antique Armour Boutique.
  7571 | D:7      | Found Zack's Antique Weapon Shop.
  7616 | D:7      | Killed Duvessa
  7652 | D:7      | Killed Dowan
  7776 | D:7      | Bought an ancient hunting sling for 136 gold pieces
  7776 | D:7      | Identified the +5 hunting sling of the Scorpion {flame, MR+ Stlth+} (You bought it in a shop on level 7 of the Dungeon)
  7789 | D:7      | Found Bugon's Assorted Antiques.
  7795 | D:7      | Bought a runed dagger for 54 gold pieces
  7801 | D:7      | Found Lule's Book Shop.
  7981 | D:7      | Noticed a moth of wrath
  8232 | D:7      | Found a bloodstained altar of Trog.
  8339 | D:7      | Reached ** piety under Elyvilon
  8581 | D:8      | Reached skill level 11 in Stealth
  8798 | D:8      | Found a sparkling altar of Nemelex Xobeh.
  9134 | D:8      | Reached skill level 5 in Bows
  9582 | D:9      | Found a runed door.
  9584 | D:9      | Found a basalt altar of Yredelemnul.
 10023 | D:9      | Found a stormy altar of Qazlal.
 10029 | D:9      | Found a blossoming altar of Fedhas.
 10333 | D:9      | Found a roughly hewn altar of Beogh.
 10363 | D:9      | Reached XP level 10. HP: 45/45 MP: 11/11
 11028 | D:9      | Reached skill level 10 in Dodging
 11055 | D:9      | Noticed Prince Ribbit
 11062 | D:9      | Killed Prince Ribbit
 11062 | D:9      | Reached skill level 12 in Stealth
 11181 | D:10     | Entered Level 10 of the Dungeon
 11202 | D:10     | Reached *** piety under Elyvilon
 11672 | D:10     | Noticed an unseen horror
 11685 | D:10     | Killed an unseen horror
 12197 | D:10     | Found a sparkling altar of Nemelex Xobeh.
 12207 | D:10     | Noticed a hill giant
 12248 | D:10     | Killed a hill giant
 12804 | D:11     | Reached **** piety under Elyvilon
 12817 | D:11     | Found a staircase to the Lair.
 12831 | D:11     | Noticed a purple ugly thing
 12845 | D:11     | Killed a purple ugly thing
 12992 | D:11     | Reached skill level 13 in Stealth
 13029 | D:11     | Found Juurur's Assorted Antiques.
 13167 | D:11     | Reached XP level 11. HP: 48/48 MP: 12/12
 13341 | D:11     | Noticed an eight-headed hydra
 13375 | D:11     | Killed an eight-headed hydra
 14212 | D:12     | Found a staircase to the Orcish Mines.
 14607 | D:12     | Noticed a hill giant
 14613 | D:12     | Killed a hill giant
 14709 | D:12     | Noticed a hill giant
 14731 | D:12     | Killed a hill giant
 14745 | D:12     | Noticed riffraff's ghost (journeyman TrMo)
 15043 | D:12     | Killed riffraff's ghost
 15296 | D:12     | Noticed dricus's ghost (journeyman MiBe)
 15769 | D:12     | Gained mutation: Your muscles are strong. (Str +2) [potion of mutation]
 15769 | D:12     | Gained mutation: You have sharp toenails. [potion of mutation]
 15794 | D:12     | Gained mutation: You tend to lose your temper in combat. [mutagenic glow]
 15896 | D:12     | Reached skill level 14 in Stealth
 16019 | D:12     | Reached skill level 10 in Slings
 16063 | D:12     | Reached skill level 10 in Short Blades
 16212 | D:12     | Noticed a hill giant
 16229 | D:12     | Killed a hill giant
 16760 | D:12     | Killed dricus's ghost
 16760 | D:12     | Reached XP level 12. HP: 53/53 MP: 13/13
 17475 | D:12     | Found a shadowy altar of Dithmenos.
 18134 | D:13     | Found a sparkling altar of Nemelex Xobeh.
 18492 | D:13     | Noticed a fire dragon
 18947 | D:13     | Found a gate to the Vaults.
 19082 | D:13     | Reached skill level 15 in Stealth
 19350 | D:14     | Noticed Urug
 19380 | D:14     | Killed Urug
 19380 | D:14     | Reached skill level 10 in Bows
 19461 | D:14     | Found Xivuxym's Magic Scroll Shop.
 19513 | D:14     | Bought a scroll of teleportation for 51 gold pieces
 19513 | D:14     | Bought a scroll of enchant weapon for 127 gold pieces
 19714 | D:14     | Reached ***** piety under Elyvilon
 20305 | D:15     | Entered Level 15 of the Dungeon
 20628 | Lair:1   | Entered Level 1 of the Lair of Beasts
 20690 | Lair:1   | Noticed a seven-headed hydra
 20734 | Lair:1   | Killed a seven-headed hydra
 20854 | Lair:1   | Got an ebony dagger
 20855 | Lair:1   | Identified the +1 dagger of the Magi {pierce, *Confuse Str+6 SInv} (You found it on level 1 of the Lair of Beasts)
 22550 | Lair:2   | Noticed Nergalle
 22607 | Lair:2   | Killed Nergalle
 23444 | Lair:3   | Reached skill level 16 in Stealth
 23454 | Lair:3   | Reached XP level 13. HP: 57/57 MP: 14/14
 23722 | Lair:3   | Found a staircase to the Swamp.
 23754 | Lair:3   | Reached ****** piety under Elyvilon
 24714 | Swamp:1  | Entered Level 1 of the Swamp
 28788 | Lair:5   | Found a hole to the Spider Nest.
 29730 | Lair:6   | Found a staircase to the Slime Pits.
 29732 | Lair:6   | Found a viscous altar of Jiyva.
 30012 | Lair:6   | Reached skill level 15 in Dodging
 30212 | Lair:6   | Reached skill level 17 in Stealth
 31774 | Lair:7   | Reached XP level 14. HP: 61/61 MP: 15/15
 32397 | Lair:8   | Entered Level 8 of the Lair of Beasts
 33488 | Lair:8   | Noticed Kirke
 37105 | Lair:7   | Reached skill level 18 in Stealth
 39931 | Slime:1  | Entered Level 1 of the Pits of Slime
 39931 | Slime:1  | Noticed an acid blob
 40535 | Spider:1 | Entered Level 1 of the Spider Nest
 40886 | Spider:1 | Reached XP level 15. HP: 65/65 MP: 16/16
 41145 | Spider:1 | You fall through a shaft!
 42074 | Spider:2 | Blown up by an orb spider

Action                   |  1- 3 |  4- 6 |  7- 9 | 10-12 | 13-15 || total
-------------------------+-------+-------+-------+-------+-------++-------
Melee: Dagger            |    57 |   364 |   261 |   445 |   709 ||  1836
 Fire: Blowgun           |    16 |    20 |    63 |   104 |   273 ||   476
       Hunting sling     |       |    31 |   170 |   884 |  1550 ||  2635
Throw: Stone             |     8 |    15 |     1 |     6 |    62 ||    92
       Tomahawk          |       |       |       |       |    15 ||    15
Invok: Lesser Healing    |       |       |     1 |       |       ||     1
       Purification      |       |       |       |     1 |       ||     1
       Greater Healing   |       |       |       |     1 |     6 ||     7
Evoke: Wand              |       |       |     1 |     5 |    17 ||    23
  Use: Scroll            |       |     2 |     6 |    19 |    14 ||    41
       Potion            |       |       |     1 |    11 |     9 ||    21
 Stab: Sleeping          |     9 |    15 |    28 |    50 |    72 ||   174
       Distracted        |     3 |     3 |     3 |    13 |    18 ||    40
  Eat: Bread ration      |       |     1 |       |       |       ||     1
       Royal jelly       |       |       |     1 |       |       ||     1
       Fruit             |       |       |     3 |     5 |     6 ||    14
       Pizza             |       |       |       |     6 |     8 ||    14
